 Dungeon Crawl Stone Soup version 0.18-a0-738-g888b110 (webtiles) character file.

1639 Mindmaker the Covert (level 8, 0/55 HPs)
             Began as a Vampire Assassin on Dec 11, 2015.
             Was an Initiate of Gozag.
             Slain by a gnoll (8 damage)
             ... on level 6 of the Dungeon.
             The game lasted 00:27:49 (8471 turns).

Mindmaker the Covert (Vampire Assassin)             Turns: 8471, Time: 00:27:49

Health: 0/55       AC:  5    Str: 10    XL:     8   Next: 66%
Magic:  8/8        EV: 18    Int: 16    God:    Gozag
Gold:   708        SH:  4    Dex: 20    Spells: 0 memorised, 7 levels left

rFire  . . .     SeeInvis +     a - +0 short sword of Sicunn {pierce, rC- Dex+5}
rCold  + + .     Clarity  .     c - +0 robe
rNeg   + + +     SustAt   +     p - +0 buckler
rPois  ∞         Gourm    .     (no helmet)
rElec  .         Spirit   .     d - +0 cloak
rCorr  .         Dismiss  .     (no gloves)
rMut   .         Stasis   .     A - +1 pair of boots
MR     .....                    (no amulet)
Stlth  +++++++...               g - ring of sustain attributes
                                (no ring)

@: bloodless, non-regenerating, not resistant to hostile enchantments, extremely
stealthy
A: fangs 3, see invisible, clever 1, clumsy 1, cold resistance 1, deterioration
1, wild magic 1, unbreathing
a: Bat Form, Potion Petition, Call Merchant, Bribe Branch, Renounce Religion


You were on level 6 of the Dungeon.
You worshipped Gozag.
Gozag was noncommittal.
You were bloodless.

You visited 1 branch of the dungeon, and saw 6 of its levels.

You collected 763 gold pieces.
You paid 55 gold pieces to Gozag.

Inventory:

Hand Weapons
 a - the +0 short sword of Sicunn (weapon) {pierce, rC- Dex+5}
   (You found it on level 4 of the Dungeon)

   It inflicts extra damage upon your enemies.
   It affects your dexterity (+5).
   It makes you vulnerable to cold.
 b - a +0 blowgun
 E - a +2 dagger
Missiles
 e - 6 poisoned needles
 f - 2 curare-tipped needles
 r - 2 javelins (quivered)
Armour
 c - a +0 robe (worn)
 d - a +0 cloak (worn)
 k - a +0 pair of boots
 p - a +0 buckler (worn)
 A - a +1 pair of boots (worn)
Jewellery
 g - a ring of sustain attributes (right hand)
 l - an uncursed ring of ice
 u - an uncursed ring of ice
Wands
 h - a wand of disintegration (10)
 B - a wand of random effects (21)
 C - a wand of magic darts (13)
Scrolls
 m - 3 scrolls of blinking
 n - 2 scrolls of magic mapping
 v - a scroll of teleportation
Potions
 j - 4 potions of curing {unknown}
 o - a potion of invisibility
 q - 2 potions of agility
 s - 4 potions of haste
 t - a potion of ambrosia
 z - 2 potions of brilliance {unknown}
 D - a potion of berserk rage


   Skills:
 - Level 1.7 Fighting
 - Level 2.1 Short Blades
 - Level 1.5 Throwing
 - Level 8.1 Dodging
 + Level 13.4 Stealth


You had 7 spell levels left.
You didn't know any spells.

Dungeon Overview and Level Annotations

Branches:
Dungeon (6/15)
 Temple: D:4-7

Altars:
Dithmenos
Fedhas
Gozag
Makhleb
Nemelex Xobeh
Trog
Zin


Innate Abilities, Weirdness & Mutations

You do not heal naturally.
You are immune to poison.
You have razor-sharp teeth.
You have supernaturally acute eyesight.
You can survive without breathing.
Your mind is acute. (Int +2)
You are clumsy. (Dex -2)
Your flesh is cold resistant.
Your body sometimes deteriorates upon taking damage.
Your spells are a little harder to cast, but a little more powerful.


Message History

You barely miss the ogre.
The ogre is lightly wounded.
The kobold hits the plant but does no damage.
The big kobold misses you. You block the ogre's attack.
The gnoll hits the plant but does no damage.
The gnoll barely misses you.
The kobold hits the plant but does no damage.
You hit the ogre. Your bite misses the ogre.
The ogre is moderately wounded.
The big kobold barely misses you.
The gnoll hits the plant with a club.
You block the ogre's attack. The gnoll hits you.
* * * LOW HITPOINT WARNING * * *
The kobold hits the plant but does no damage.
The big kobold misses you.
You hit the ogre but do no damage.
The ogre is moderately wounded.
The gnoll hits the plant but does no damage.
The gnoll hits you!
You die...
Your body crumbles into a pile of gold.

..................
###+#...................
.......#######..........
....... #..........
..<.... #....(.....
...$... #..........
.....$.## ###........<.
......Kg####............
.....gO@................
P....KP.P...............
P.....P♣P...............
♣....♣PPP♣P.............
##'''#PPPPP...##########
$ #.. #P♣♣♣P♣...# #. ##
#♣PP..# #. $$ P♣..# $
PP..#


You could see a big kobold, an ogre, 2 gnolls and a kobold.

Vanquished Creatures
  Pikel (D:3)
  An ogre (D:5)
  An ice beast (D:6)
  4 slaves
  A sky beast (D:5)
  A giant frog (D:4)
  The ghost of mora the Sneak, an amateur SpEn (D:3)
  A scorpion (D:3)
  2 wights
  A crimson imp (D:5)
  3 hounds
  A jelly (D:6)
  An orc priest (D:4)
  Natasha (thrice) (D:3)
  4 orc wizards
  A worker ant (D:4)
  A worker ant zombie (D:5)
  5 gnolls
  6 adders
  A shadow imp (D:5)
  An adder skeleton (D:5)
  5 worms
  3 giant geckos
  16 orcs
  2 ball pythons
  8 giant cockroaches
  6 hobgoblins
  12 jackals
  7 kobolds
  3 quokkas
  7 bats
  A giant gecko skeleton (D:5)
  A giant gecko zombie (D:5)
  3 giant newts (D:1)
  7 goblins
  A jackal skeleton (D:5)
  A quokka skeleton (D:5)
  12 rats
136 creatures vanquished.

Notes
Turn   | Place    | Note
--------------------------------------------------------------
     0 | D:1      | Mindmaker the Vampire Assassin began the quest for the Orb.
     0 | D:1      | Reached XP level 1. HP: 16/16 MP: 1/1
    14 | D:1      | Reached skill level 6 in Stealth
   175 | D:1      | Reached XP level 2. HP: 17/22 MP: 2/2
   278 | D:1      | Reached skill level 7 in Stealth
   389 | D:1      | Reached XP level 3. HP: 14/27 MP: 3/3
   885 | D:2      | Found a sparkling altar of Nemelex Xobeh.
  1047 | D:2      | Reached skill level 8 in Stealth
  1160 | D:2      | Gained mutation: You are clumsy. (Dex -2) [potion of mutation]
  1160 | D:2      | Gained mutation: Your mind is acute. (Int +2) [potion of mutation]
  1160 | D:2      | Gained mutation: Your spells are a little harder to cast, but a little more powerful. [potion of mutation]
  1161 | D:2      | Gained mutation: Your body sometimes deteriorates upon taking damage. [potion of mutation]
  1161 | D:2      | Gained mutation: Your flesh is cold resistant. [potion of mutation]
  1250 | D:2      | Found a blossoming altar of Fedhas.
  1472 | D:3      | Noticed mora's ghost (amateur SpEn)
  1925 | D:2      | Reached XP level 4. HP: 9/33 MP: 4/4
  2414 | D:2      | Found an opulent altar of Gozag.
  2414 | D:2      | Found a sparkling altar of Nemelex Xobeh.
  2414 | D:2      | Found a glowing silver altar of Zin.
  2427 | D:2      | Became a worshipper of Gozag Ym Sagoz the Greedy
  2487 | D:2      | Reached skill level 9 in Stealth
  2625 | D:3      | Noticed Natasha
  2652 | D:3      | Killed Natasha
  2652 | D:3      | Reached XP level 5. HP: 38/38 MP: 5/5
  2832 | D:3      | Found a burning altar of Makhleb.
  2959 | D:3      | Reached skill level 10 in Stealth
  3151 | D:3      | Killed mora's ghost
  3437 | D:3      | Noticed Natasha
  3456 | D:3      | Killed Natasha
  3475 | D:3      | Noticed Natasha
  3479 | D:3      | Killed Natasha
  3796 | D:4      | Reached XP level 6. HP: 44/44 MP: 6/6
  4318 | D:4      | Noticed a moth of wrath
  4320 | D:4      | Found a bloodstained altar of Trog.
  4394 | D:4      | Noticed Pikel
  4769 | D:4      | HP: 1/44 [slave[Pikel] (4)]
  5490 | D:3      | Killed Pikel
  5490 | D:3      | Reached XP level 7. HP: 37/49 MP: 7/7
  5779 | D:4      | Got a jewelled short sword
  5800 | D:4      | Identified the +0 short sword of Sicunn {pierce, rC- Dex+5} (You found it on level 4 of the Dungeon)
  6529 | D:4      | Reached XP level 8. HP: 55/55 MP: 8/8
  6678 | D:4      | Reached skill level 11 in Stealth
  6717 | D:5      | Entered Level 5 of the Dungeon
  7149 | D:5      | Found a shadowy altar of Dithmenos.
  7414 | D:5      | Reached skill level 12 in Stealth
  8411 | D:6      | Reached skill level 13 in Stealth
  8471 | D:6      | Slain by a gnoll

Vault maps used:
D:1:      dpeg_arrival_pond, minmay_misc_feat_five
D:2:      nicolae_overflow_hidden_temple, first_bread, nemelex_deck
D:3:      lightli_temple_of_fire, serial_bayou_lagoon_b, uniq_natasha
D:4:      tgw_trog, minmay_crystal_room, uniq_pikel
D:5:      nicolae_dithmenos_the_darkroom
D:6:      kennysheep_housing_project, lemuel_doored_altar

Action                   |  1- 3 |  4- 6 |  7- 9 || total
-------------------------+-------+-------+-------++-------
Melee: Dagger            |   135 |   249 |    20 ||   404
       Short sword       |       |       |   153 ||   153
 Fire: Blowgun           |       |    36 |    15 ||    51
Throw: Javelin           |       |       |     6 ||     6
Invok: Potion Petition   |       |     1 |       ||     1
 Abil: End Transformatio |       |     1 |     3 ||     4
       Bat Form          |       |     1 |     3 ||     4
  Use: Potion            |    10 |    11 |       ||    21
       Scroll            |     5 |     2 |    12 ||    19
 Stab: Sleeping          |     6 |     3 |     8 ||    17
       Distracted        |     1 |     3 |     5 ||     9
